General information
- name: BNet
- type: Ladder team game (AT/RT)
- host: Battle.net
- saver: bixnood
map: Northshire_LV
- players: 8
- length: 29:04
- speed: Fast
- version: 1.29 W3XP
- replay type: Public
» download(351 KB)
Players
team 1 (loser)

»
Grimmy (
teal | 85 APM | 2369 actions | 28:02)
5 Death Knight
3 Death Coil
1 Unholy Aura
1 Animate Dead
» actions
| Assign group hotkey | 28 | |
| Basic commands | 228 | |
| Build / train | 89 | |
| ESC pressed | 4 | |
| Enter build submenu | 29 | |
| Enter hero's abilities submenu | 5 | |
| Give item / drop item | 3 | |
| Right click | 1076 | |
| Select / deselect | 395 | |
| Select group hotkey | 396 | |
| Use ability | 116 | |
2369 total
» units
| Acolyte | 19 | |
| Ghoul | 7 | |
| Crypt Fiend | 17 | |
| Goblin Shredder | 2 | |
| Frost Wyrm | 7 | |
52 total
» upgrades
| Creature Attack | 2 | |
| Burrow | 1 | |
| Web | 1 | |
| Creature Carapace | 1 | |
| Freezing Breath | 1 | |
6 total
» buildings
| Altar of Darkness | 1 | |
| Ziggurat | 10 | |
| Crypt | 1 | |
| Graveyard | 1 | |
| Nerubian Tower | 3 | |
| Tomb of Relics | 1 | |
| Halls of the Dead | 1 | |
| Spirit Tower | 7 | |
| Black Citadel | 1 | |
| Sacrificial Pit | 1 | |
| Necropolis | 1 | |
| Boneyard | 3 | |
31 total
» build order
00:19 Altar of Darkness
00:22 Ziggurat
00:44 Crypt
01:09 Graveyard
01:25 Ziggurat
01:28 Ziggurat
01:35 Nerubian Tower
01:52 Ziggurat
02:17 Tomb of Relics
04:52 Halls of the Dead
07:06 Ziggurat
07:29 Ziggurat
07:43 Ziggurat
08:48 Spirit Tower
10:24 Spirit Tower
10:30 Black Citadel
11:08 Ziggurat
11:14 Sacrificial Pit
11:16 Necropolis
12:10 Spirit Tower
12:20 Spirit Tower
12:22 Ziggurat
12:33 Spirit Tower
14:19 Boneyard
14:19 Boneyard
14:22 Boneyard
22:30 Spirit Tower
22:30 Spirit Tower
25:08 Ziggurat
26:42 Nerubian Tower
26:43 Nerubian Tower
» items
| Rod of Necromancy | 1 | |
| Sacrificial Skull | 1 | |
| Potion of Healing | 3 | |
| Scroll of Town Portal | 4 | |
| Scroll of Healing | 1 | |
| Orb of Corruption | 1 | |
11 total
ChainWave (
orange | 81 APM | 2276 actions | 27:57)
5 Death Knight
3 Death Coil
2 Unholy Aura
2 Lich
1 Frost Nova
1 Frost Armor
» actions
| Assign group hotkey | 42 | |
| Basic commands | 134 | |
| Build / train | 67 | |
| ESC pressed | 3 | |
| Enter build submenu | 19 | |
| Enter hero's abilities submenu | 7 | |
| Give item / drop item | 5 | |
| Remove unit from queue | 1 | |
| Right click | 1110 | |
| Select / deselect | 354 | |
| Select group hotkey | 459 | |
| Use ability | 75 | |
2276 total
» units
| Acolyte | 9 | |
| Ghoul | 2 | |
| Crypt Fiend | 13 | |
| Obsidian Statue | 5 | |
| Frost Wyrm | 3 | |
| Gargoyle | 6 | |
| Abomination | 1 | |
39 total
» upgrades
| Web | 1 | |
| Burrow | 1 | |
| Creature Attack | 2 | |
| Creature Carapace | 1 | |
| Destroyer Form | 1 | |
| Freezing Breath | 1 | |
7 total
» buildings
| Crypt | 1 | |
| Graveyard | 1 | |
| Ziggurat | 10 | |
| Altar of Darkness | 1 | |
| Tomb of Relics | 1 | |
| Nerubian Tower | 1 | |
| Halls of the Dead | 1 | |
| Black Citadel | 1 | |
| Slaughterhouse | 1 | |
| Sacrificial Pit | 1 | |
| Boneyard | 1 | |
| Necropolis | 1 | |
| Spirit Tower | 1 | |
22 total
» build order
00:08 Crypt
00:12 Graveyard
00:39 Ziggurat
00:58 Altar of Darkness
01:43 Tomb of Relics
01:52 Ziggurat
02:05 Nerubian Tower
03:33 Halls of the Dead
04:38 Ziggurat
05:42 Ziggurat
06:28 Black Citadel
08:31 Slaughterhouse
08:34 Sacrificial Pit
09:40 Ziggurat
12:11 Boneyard
17:19 Necropolis
18:06 Ziggurat
18:09 Ziggurat
19:35 Spirit Tower
23:31 Ziggurat
23:40 Ziggurat
23:43 Ziggurat
» items
| Rod of Necromancy | 3 | |
| Orb of Corruption | 1 | |
| Potion of Healing | 1 | |
| Scroll of Town Portal | 2 | |
7 total

»
jjv (
blue | 41 APM | 1194 actions | 29:01)
4 Mountain King
2 Storm Bolt
2 Bash
2 Archmage
1 Brilliance Aura
1 Blizzard
» actions
| Assign group hotkey | 29 | |
| Basic commands | 25 | |
| Build / train | 113 | |
| ESC pressed | 2 | |
| Enter build submenu | 29 | |
| Enter hero's abilities submenu | 6 | |
| Give item / drop item | 5 | |
| Right click | 247 | |
| Select / deselect | 372 | |
| Select group hotkey | 249 | |
| Use ability | 117 | |
1194 total
» units
| Peasant | 12 | |
| Rifleman | 24 | |
| Goblin Shredder | 1 | |
| Sorceress | 8 | |
| Priest | 6 | |
| Forest Troll High Priest | 1 | |
52 total
» upgrades
| Gunpowder | 3 | |
| Armor | 3 | |
| Masonry | 3 | |
| Lumber Harvesting | 2 | |
| Long Rifles | 1 | |
| Magic Sentry | 1 | |
| Priest Training | 2 | |
| Sorceress Training | 2 | |
17 total
» buildings
| Altar of Kings | 1 | |
| Farm | 11 | |
| Blacksmith | 1 | |
| Barracks | 2 | |
| Arcane Vault | 2 | |
| Scout Tower | 29 | |
| Arcane Tower | 8 | |
| Lumber Mill | 1 | |
| Guard Tower | 12 | |
| Keep | 2 | |
| Town Hall | 1 | |
| Arcane Sanctum | 2 | |
| Castle | 2 | |
74 total
» build order
00:08 Altar of Kings
00:10 Farm
00:30 Blacksmith
01:15 Barracks
01:38 Arcane Vault
01:44 Scout Tower
01:45 Scout Tower
01:46 Scout Tower
01:47 Scout Tower
02:04 Farm
02:07 Farm
02:25 Scout Tower
02:30 Scout Tower
03:07 Arcane Tower
03:14 Farm
03:37 Arcane Tower
03:43 Arcane Tower
04:08 Lumber Mill
04:19 Scout Tower
04:54 Guard Tower
04:57 Farm
05:22 Farm
07:53 Keep
08:07 Town Hall
09:34 Keep
10:25 Arcane Sanctum
10:29 Arcane Sanctum
10:35 Farm
10:36 Farm
10:37 Farm
11:10 Scout Tower
11:11 Scout Tower
11:12 Scout Tower
11:13 Scout Tower
11:14 Scout Tower
11:18 Scout Tower
11:20 Scout Tower
11:40 Guard Tower
12:13 Arcane Vault
12:28 Castle
12:31 Castle
12:33 Guard Tower
12:41 Scout Tower
12:42 Scout Tower
12:43 Scout Tower
12:43 Scout Tower
12:58 Arcane Tower
13:21 Arcane Tower
13:26 Guard Tower
13:37 Scout Tower
13:39 Scout Tower
13:45 Arcane Tower
13:52 Guard Tower
14:05 Arcane Tower
14:13 Guard Tower
14:31 Guard Tower
14:35 Arcane Tower
14:39 Guard Tower
14:44 Guard Tower
17:20 Barracks
17:56 Farm
17:57 Farm
24:57 Scout Tower
24:57 Scout Tower
24:58 Scout Tower
24:58 Scout Tower
24:59 Scout Tower
24:59 Scout Tower
25:00 Scout Tower
25:01 Scout Tower
25:02 Scout Tower
25:28 Guard Tower
26:38 Guard Tower
27:33 Guard Tower
» items
| Scroll of Regeneration | 2 | |
| Lesser Clarity Potion | 1 | |
| Ivory Tower | 4 | |
| Orb of Corruption | 2 | |
| Scroll of Town Portal | 2 | |
| Scroll of Healing | 1 | |
12 total
whitemetroid (
yellow | 101 APM | 2932 actions | 28:56)
5 Far Seer
2 Feral Spirit
3 Chain Lighting
2 Tauren Chieftain
1 Endurance Aura
1 War Stomp
» actions
| Assign group hotkey | 25 | |
| Basic commands | 245 | |
| Build / train | 101 | |
| ESC pressed | 13 | |
| Enter build submenu | 23 | |
| Enter hero's abilities submenu | 7 | |
| Give item / drop item | 3 | |
| Right click | 1128 | |
| Select / deselect | 783 | |
| Select group hotkey | 448 | |
| Use ability | 156 | |
2932 total
» units
| Peon | 17 | |
| Troll Headhunter/Berserker | 6 | |
| Troll Batrider | 18 | |
| Kodo Beast | 5 | |
| Demolisher | 7 | |
| Frost Wyrm | 1 | |
54 total
» upgrades
| Ranged Weapons | 3 | |
| Armor | 2 | |
| Troll Regeneration | 1 | |
| Liquid Fire | 1 | |
| War Drums Damage Increase | 1 | |
| Burning Oil | 1 | |
| Ensnare | 1 | |
10 total
» buildings
| Altar of Storms | 1 | |
| Orc Burrow | 5 | |
| Barracks | 2 | |
| War Mill | 1 | |
| Voodoo Lounge | 1 | |
| Stronghold | 2 | |
| Great Hall | 2 | |
| Beastiary | 5 | |
| Fortress | 1 | |
| Watch Tower | 2 | |
22 total
» build order
00:06 Altar of Storms
00:09 Orc Burrow
01:02 Barracks
01:28 War Mill
02:04 Orc Burrow
02:48 Voodoo Lounge
03:04 Stronghold
03:04 Stronghold
04:29 Orc Burrow
05:19 Great Hall
05:53 Beastiary
06:14 Beastiary
06:17 Beastiary
06:46 Beastiary
06:59 Beastiary
07:08 Orc Burrow
08:17 Fortress
12:34 Orc Burrow
12:38 Barracks
18:20 Watch Tower
18:21 Watch Tower
28:32 Great Hall
» items
| Healing Salve | 5 | |
| Scroll of Town Portal | 6 | |
| Orb of Lightning | 1 | |
| Potion of Healing | 2 | |
| Lesser Clarity Potion | 1 | |
| Scroll of Protection | 1 | |
16 total
team 2 (winner)
bixnood (
green | 89 APM | 2593 actions | 29:04)
9 Blademaster
3 Wind Walk
3 Critical Strike
1 Bladestorm
2 Mirror Image
» actions
| Assign group hotkey | 86 | |
| Basic commands | 44 | |
| Build / train | 97 | |
| Enter build submenu | 43 | |
| Enter hero's abilities submenu | 9 | |
| Give item / drop item | 8 | |
| Remove unit from queue | 5 | |
| Right click | 1260 | |
| Select / deselect | 423 | |
| Select group hotkey | 431 | |
| Use ability | 187 | |
2593 total
» units
| Peon | 8 | |
| Grunt | 6 | |
| Goblin Shredder | 1 | |
| Troll Batrider | 15 | |
| Goblin Sapper | 3 | |
| Shaman | 2 | |
| Goblin Zeppelin | 1 | |
36 total
» upgrades
| Ranged Weapons | 3 | |
| Armor | 3 | |
| Liquid Fire | 1 | |
| Reinforced Defenses | 1 | |
| Berserker Strength | 0 | |
| Troll Regeneration | 1 | |
| Shaman Training | 2 | |
| Spirit Walker Training | 2 | |
13 total
» buildings
| Orc Burrow | 6 | |
| Altar of Storms | 1 | |
| Barracks | 1 | |
| Voodoo Lounge | 1 | |
| Stronghold | 1 | |
| War Mill | 2 | |
| Great Hall | 1 | |
| Beastiary | 4 | |
| Fortress | 1 | |
| Watch Tower | 25 | |
| Spirit Lodge | 2 | |
45 total
» build order
00:10 Orc Burrow
00:57 Orc Burrow
01:00 Altar of Storms
01:03 Barracks
01:40 Voodoo Lounge
02:49 Stronghold
03:45 Orc Burrow
03:47 Orc Burrow
04:22 War Mill
04:56 Great Hall
05:37 Beastiary
05:39 Beastiary
07:10 Fortress
08:44 War Mill
11:24 Beastiary
11:25 Beastiary
12:27 Watch Tower
12:33 Watch Tower
12:33 Watch Tower
12:34 Watch Tower
12:34 Watch Tower
12:34 Watch Tower
12:40 Watch Tower
12:41 Watch Tower
12:41 Watch Tower
12:41 Watch Tower
12:43 Watch Tower
14:26 Watch Tower
14:27 Watch Tower
14:27 Watch Tower
14:28 Watch Tower
14:31 Watch Tower
14:32 Watch Tower
14:35 Watch Tower
14:36 Watch Tower
14:37 Watch Tower
20:32 Watch Tower
20:33 Watch Tower
20:33 Watch Tower
20:33 Watch Tower
20:34 Watch Tower
22:50 Spirit Lodge
22:54 Spirit Lodge
26:45 Orc Burrow
26:48 Orc Burrow
» items
| Healing Salve | 7 | |
| Lesser Clarity Potion | 8 | |
| Orb of Lightning | 1 | |
| Scroll of Town Portal | 5 | |
| Potion of Healing | 5 | |
| Potion of Mana | 4 | |
| Scroll of Protection | 1 | |
31 total
|c00000000||||| (
pink | 99 APM | 2319 actions | 23:21)
4 Far Seer
2 Feral Spirit
2 Chain Lighting
2 Shadow Hunter
1 Hex
1 Healing Wave
1 Pandaren Brewmaster
1 Breath of Fire
» actions
| Assign group hotkey | 38 | |
| Basic commands | 170 | |
| Build / train | 69 | |
| Enter build submenu | 34 | |
| Enter hero's abilities submenu | 8 | |
| Give item / drop item | 5 | |
| Remove unit from queue | 11 | |
| Right click | 1188 | |
| Select / deselect | 381 | |
| Select group hotkey | 284 | |
| Use ability | 131 | |
2319 total
» units
| Peon | 8 | |
| Goblin Shredder | 1 | |
| Wind Rider | 4 | |
| Kodo Beast | 2 | |
| Tauren | 3 | |
| Shaman | 3 | |
21 total
» upgrades
| Ranged Weapons | 2 | |
| Reinforced Defenses | 1 | |
| War Drums Damage Increase | 1 | |
| Melee Weapons | 1 | |
| Pulverize | 1 | |
| Shaman Training | 2 | |
8 total
» buildings
| Altar of Storms | 1 | |
| Orc Burrow | 8 | |
| War Mill | 1 | |
| Voodoo Lounge | 1 | |
| Stronghold | 2 | |
| Watch Tower | 16 | |
| Beastiary | 2 | |
| Fortress | 1 | |
| Great Hall | 1 | |
| Spirit Lodge | 1 | |
| Tauren Totem | 2 | |
36 total
» build order
00:20 Altar of Storms
00:26 Orc Burrow
00:56 War Mill
01:38 Orc Burrow
02:11 Voodoo Lounge
02:34 Stronghold
02:34 Stronghold
03:05 Watch Tower
03:47 Watch Tower
05:05 Beastiary
05:07 Beastiary
05:14 Fortress
05:19 Orc Burrow
06:08 Orc Burrow
08:15 Great Hall
10:29 Watch Tower
10:34 Watch Tower
10:36 Watch Tower
10:38 Watch Tower
10:40 Watch Tower
12:21 Spirit Lodge
12:25 Tauren Totem
12:28 Tauren Totem
14:28 Orc Burrow
14:33 Orc Burrow
14:40 Watch Tower
14:42 Watch Tower
14:44 Watch Tower
15:03 Watch Tower
15:13 Watch Tower
17:12 Watch Tower
17:13 Watch Tower
17:13 Watch Tower
17:14 Watch Tower
21:18 Orc Burrow
21:20 Orc Burrow
» items
| Scroll of Speed | 3 | |
| Scroll of Town Portal | 2 | |
| Orb of Lightning | 1 | |
| Healing Salve | 2 | |
| Potion of Lesser Invulnerability | 1 | |
| Potion of Mana | 1 | |
| Lesser Clarity Potion | 2 | |
12 total
spork (
purple | 46 APM | 1325 actions | 29:02)
5 Blademaster
3 Wind Walk
2 Critical Strike
2 Tauren Chieftain
1 Endurance Aura
1 War Stomp
» actions
| Basic commands | 3 | |
| Build / train | 74 | |
| Enter build submenu | 18 | |
| Enter hero's abilities submenu | 7 | |
| Give item / drop item | 3 | |
| Remove unit from queue | 1 | |
| Right click | 744 | |
| Select / deselect | 417 | |
| Use ability | 58 | |
1325 total
» units
| Peon | 8 | |
| Wind Rider | 6 | |
| Shaman | 8 | |
| Tauren | 5 | |
| Troll Batrider | 4 | |
| Troll Witch Doctor | 5 | |
36 total
» upgrades
| Ranged Weapons | 2 | |
| Shaman Training | 2 | |
| Armor | 2 | |
| Envenomed Spears | 1 | |
| Melee Weapons | 3 | |
| Pulverize | 1 | |
| Witch Doctor Training | 2 | |
13 total
» buildings
| Altar of Storms | 1 | |
| Orc Burrow | 8 | |
| Stronghold | 2 | |
| War Mill | 1 | |
| Voodoo Lounge | 1 | |
| Beastiary | 2 | |
| Spirit Lodge | 1 | |
| Fortress | 1 | |
| Tauren Totem | 2 | |
| Great Hall | 2 | |
21 total
» build order
00:08 Altar of Storms
00:20 Orc Burrow
02:04 Stronghold
02:04 Stronghold
02:10 War Mill
02:16 Voodoo Lounge
02:35 Orc Burrow
04:05 Orc Burrow
04:42 Beastiary
04:47 Beastiary
04:53 Spirit Lodge
05:45 Fortress
06:54 Orc Burrow
12:26 Tauren Totem
12:30 Tauren Totem
14:16 Orc Burrow
17:05 Great Hall
18:05 Orc Burrow
19:00 Orc Burrow
24:06 Orc Burrow
26:19 Great Hall
» items
| Boots of Speed | 1 | |
| Circlet of Nobility | 1 | |
| Lesser Clarity Potion | 3 | |
| Healing Salve | 3 | |
| Scroll of Speed | 1 | |
| Scroll of Town Portal | 2 | |
| Orb of Lightning | 1 | |
12 total
JSRGN (
red | 95 APM | 2773 actions | 29:02)
7 Death Knight
3 Death Coil
3 Unholy Aura
1 Animate Dead
4 Dreadlord
2 Sleep
2 Carrion Swarm
5 Lich
2 Frost Nova
3 Frost Armor
1 Far Seer
1 Feral Spirit
» actions
| Assign group hotkey | 108 | |
| Basic commands | 78 | |
| Build / train | 109 | |
| Enter build submenu | 26 | |
| Enter hero's abilities submenu | 16 | |
| Give item / drop item | 4 | |
| Right click | 1352 | |
| Select / deselect | 451 | |
| Select group hotkey | 508 | |
| Use ability | 121 | |
2773 total
» units
| Acolyte | 8 | |
| Ghoul | 2 | |
| Crypt Fiend | 11 | |
| Goblin Shredder | 1 | |
| Goblin Zeppelin | 4 | |
| Frost Wyrm | 7 | |
| Obsidian Statue | 2 | |
| Troll Witch Doctor | 2 | |
| Peon | 4 | |
| Tauren | 4 | |
| Shaman | 6 | |
51 total
» upgrades
| Creature Attack | 3 | |
| Creature Carapace | 4 | |
| Web | 1 | |
| Burrow | 1 | |
| Freezing Breath | 1 | |
| Destroyer Form | 1 | |
| Witch Doctor Training | 2 | |
13 total
» buildings
| Crypt | 2 | |
| Graveyard | 1 | |
| Altar of Darkness | 1 | |
| Ziggurat | 9 | |
| Tomb of Relics | 1 | |
| Halls of the Dead | 1 | |
| Black Citadel | 1 | |
| Sacrificial Pit | 1 | |
| Boneyard | 2 | |
| Slaughterhouse | 2 | |
| Spirit Lodge | 1 | |
| Necropolis | 1 | |
23 total
» build order
00:33 Crypt
00:37 Graveyard
00:41 Altar of Darkness
01:03 Ziggurat
01:30 Tomb of Relics
01:32 Ziggurat
02:15 Crypt
04:01 Ziggurat
05:20 Halls of the Dead
07:11 Ziggurat
07:12 Ziggurat
07:54 Black Citadel
08:49 Sacrificial Pit
10:39 Boneyard
10:39 Boneyard
12:00 Ziggurat
12:03 Ziggurat
22:01 Slaughterhouse
22:24 Slaughterhouse
22:57 Ziggurat
22:58 Ziggurat
24:31 Spirit Lodge
26:18 Necropolis
» items
| Rod of Necromancy | 3 | |
| Periapt of Vitality | 1 | |
| Staff of Teleportation | 1 | |
| Orb of Corruption | 1 | |
| Scroll of Town Portal | 7 | |
| Scroll of Speed | 1 | |
| Orb of Lightning | 1 | |
| Potion of Mana | 2 | |
| Healing Salve | 1 | |
| Scroll of Protection | 1 | |
19 total
Chat log
(03:20 / All) bixnood: hello teal
(03:32 / All) Grimmy: hi
(05:10 / All) Grimmy: gl purp
(05:19 / All) Grimmy: my base is locked off
(05:26 / All) spork: i know i tried already
(05:30 / All) Grimmy: haha
(05:39 / All) Grimmy: kind of a cheap map
(05:42 / All) Grimmy: considering how easy it was
(05:47 / All) Grimmy: literally just 3 zigs in a row
(05:54 / All) spork: lol
(06:01 / All) Grimmy: i mean, uhh im a pro
(06:25 / All) JSRGN: there are risks to that strategyk teal
(06:39 / All) Grimmy: i guess im not a pro
(06:41 / All) Grimmy: since i dont know them
(06:45 / All) Grimmy: Maybe air from the back harrassing>
(10:50 / All) whitemetroid: nice try
(10:52 / All) JSRGN: zzzzzzzzzzzzzzzzzzzzzzzzzzz
(10:56 / All) Grimmy: "RISK"
(11:03 / All) Grimmy: sorry, but holy shit
(11:05 / All) Grimmy: that was funny
(11:13 / All) whitemetroid: i even babe ruth called it
(11:14 / All) whitemetroid: i was like
(11:17 / All) whitemetroid: "Hey fam, watch this"
(11:24 / All) Grimmy: lmao, he did
(12:19 / Allies) spork: all aa tf
(12:31 / Allies) |c00000000|||||: youg uys dopmnt communicate
(12:39 / Allies) |c00000000|||||: i go meele
(12:54 / Allies) bixnood: help
(13:27 / Allies) spork: no units
(14:41 / Allies) bixnood: lumber?
(14:49 / Allies) bixnood: ty
(14:58 / Allies) bixnood: ty
(15:20 / Allies) spork: kk
(16:31 / Allies) JSRGN: nice taurens
(16:52 / Allies) bixnood: thanks buds
(19:00 / Allies) bixnood: out
(19:40 / All) |c00000000|||||: sucks you dint get any chomps off
(19:43 / All) |c00000000|||||: learn to micro kid lol
(19:55 / All) whitemetroid: who are you talking to
(19:57 / All) |c00000000|||||: you
(19:58 / All) whitemetroid: i ate two taurens
(19:59 / All) whitemetroid: rofl
(20:00 / All) |c00000000|||||: LOL
(20:03 / All) |c00000000|||||: autism on bnet
(20:13 / All) |c00000000|||||: i lost nothing
(20:17 / All) whitemetroid: really
(20:17 / All) |c00000000|||||: i moved away from the comp
(20:19 / All) |c00000000|||||: realy
(20:20 / All) whitemetroid: they werent yours
(20:20 / All) |c00000000|||||: i moved awya
(20:21 / All) whitemetroid: i ate pinks
(20:22 / All) |c00000000|||||: and it doesnt work
(20:24 / All) whitemetroid: you fucking turd nugget
(20:25 / All) |c00000000|||||: i am pink
(20:27 / All) |c00000000|||||: you idiot
(20:28 / All) whitemetroid: i have 2
(20:30 / All) whitemetroid: in my kodos
(20:31 / All) whitemetroid: right now
(20:32 / All) |c00000000|||||: you dont
(20:37 / All) whitemetroid: watch replay
(20:37 / All) |c00000000|||||: my food count didnt chagne
(20:39 / All) |c00000000|||||: youre salty
(20:40 / All) whitemetroid: arguing with a 10 year old
(20:42 / All) whitemetroid: doesnt work
(20:43 / All) |c00000000|||||: you are terrible
(20:47 / All) |c00000000|||||: bad micro = make up lies
(20:48 / All) |c00000000|||||: nice'
(20:50 / All) |c00000000|||||: lul
(20:52 / All) |c00000000|||||: tk list
(20:59 / All) |c00000000|||||: tk list for lying on video game in anger
(21:31 / All) |c00000000|||||: bor
(21:32 / All) |c00000000|||||: you know
(21:37 / All) |c00000000|||||: you have a mental issue
(21:41 / All) |c00000000|||||: when you cant tell the truth on a game
(22:20 / All) |c00000000|||||: i guess you didnt lose all those units either
(22:21 / All) |c00000000|||||: must bea lie
(22:28 / All) whitemetroid: it makese sense now
(22:32 / All) whitemetroid: purple has taurens too
(22:34 / All) whitemetroid: i had 2 in my kodos
(23:04 / Allies) JSRGN: get b man
(23:09 / All) |c00000000|||||: lol
(23:10 / Allies) spork: jesus
(23:11 / All) |c00000000|||||: this maphakc
(23:12 / All) |c00000000|||||: fucking crazy
(23:13 / All) |c00000000|||||: os obiuvous
(23:16 / All) |c00000000|||||: SO FUCKING OBIVOUS
(23:17 / All) |c00000000|||||: BLUE TK LIST
(23:19 / All) |c00000000|||||: SO FUCKING OBIVOUS
(23:31 / Allies) bixnood: wtf
(23:36 / All) bixnood: man
(23:38 / All) bixnood: I was doing work wtf
(23:40 / Allies) spork: green you have 3k gold
(23:44 / All) whitemetroid: is that guy for real
(23:46 / Allies) bixnood: did you need any? ask
(25:19 / Allies) JSRGN: lets meet
(26:19 / All) jjv: man
(26:22 / All) jjv: this team
(26:23 / All) jjv: ffs
(26:29 / All) JSRGN: dude we have a leaver im controlling
(26:32 / All) JSRGN: no whining
(26:42 / Allies) spork: coming
(27:16 / All) jjv: just fed my whole army to u and one of ur buddies thinks im mhing
(27:17 / All) jjv: lol
(27:52 / All) JSRGN: gg
(28:42 / All) jjv: lol he keeps trashing me
(28:54 / All) jjv: aint my fault u suk at microing taurens dude
(28:58 / All) jjv: good riddance